[Event "ICC Open 2015"]
[Site "Internet Chess Club"]
[Date "2015.05.30"]
[Round "1"]
[White "eltigrecu"]
[Black "Kyekerz"]
[Result "1-0"]
[ICCResult "Black checkmated"]
[WhiteElo "2017"]
[BlackElo "1262"]
[Opening "Levitsky attack (Queen's bishop attack)"]
[ECO "D00"]
[NIC "QP.08"]
[Time "19:03:37"]
[TimeControl "180+0"]

1. d4 d5 2. Bg5 Nf6 3. Nd2 Nc6 4. c3 Bf5 5. e3 h6 6. Bh4 g5 7. Bg3 Qd7 8.
Ngf3 Be4 9. Bb5 O-O-O 10. Ne5 Qe6 11. Nxc6 bxc6 12. Ba6+ Kb8 13. Qb3+ Ka8
14. Qb7# {Black checkmated} 1-0

[Event "ICC Open 2015"]
[Site "Internet Chess Club"]
[Date "2015.05.30"]
[Round "1"]
[White "Darnoc"]
[Black "Giantvin"]
[Result "1-0"]
[ICCResult "Black resigns"]
[WhiteElo "3038"]
[BlackElo "1978"]
[Opening "QGD Slav: Krause attack"]
[ECO "D17"]
[NIC "SL.04"]
[Time "19:02:51"]
[TimeControl "180+0"]

1. d4 d5 2. c4 c6 3. Nf3 Nf6 4. Nc3 dxc4 5. a4 Bf5 6. Ne5 Nbd7 7. Nxc4 Nb6
8. e3 Nxc4 9. Bxc4 e6 10. a5 Bb4 11. Qb3 Bxa5 12. Qxb7 Bxc3+ 13. bxc3 O-O
14. Ba3 Re8 15. O-O Be4 16. Qb2 a5 17. Be2 Qb8 18. Qd2 a4 19. f3 Bd5 20. c4
{Black resigns}
1-0

[Event "ICC Open 2015"]
[Site "Internet Chess Club"]
[Date "2015.05.30"]
[Round "1"]
[White "StarShip32"]
[Black "chips"]
[Result "1-0"]
[ICCResult "Black resigns"]
[WhiteElo "2009"]
[BlackElo "1047"]
[Opening "Queen's pawn: English defense"]
[ECO "A40"]
[NIC "QO.17"]
[Time "19:03:16"]
[TimeControl "180+0"]

1. d4 b6 2. c4 Bb7 3. Nc3 d5 4. cxd5 Bxd5 5. e4 Bb7 6. Bc4 e6 7. Nf3 Ne7 8.
O-O Nbc6 9. Re1 g6 10. d5 exd5 11. exd5 Na5 12. Qa4+ Qd7 13. Bb5 c6 14. dxc6
Bxc6 15. Bg5 Bxb5 16. Nxb5 a6 17. Nc7+ {Black resigns} 1-0

[Event "ICC Open 2015"]
[Site "Internet Chess Club"]
[Date "2015.05.30"]
[Round "1"]
[White "EricCartman"]
[Black "nowornever"]
[Result "0-1"]
[ICCResult "White resigns"]
[WhiteElo "1301"]
[BlackElo "2005"]
[Opening "English: symmetrical variation"]
[ECO "A38"]
[NIC "EO.28"]
[Time "19:03:09"]
[TimeControl "180+0"]

1. g3 c5 2. Bg2 Nc6 3. c4 g6 4. Nf3 Bg7 5. Nc3 Nf6 6. O-O e6 7. d4 cxd4 8.
Nxd4 d5 9. cxd5 Nxd5 10. Nxc6 bxc6 11. Qa4 Bd7 12. e4 Nb6 13. Qb3 O-O 14.
Be3 Qc7 15. Rac1 Rab8 16. Rfd1 Nd5 17. Bc5 Rxb3 18. axb3 Nxc3 {White
resigns} 0-1

[Event "ICC Open 2015"]
[Site "Internet Chess Club"]
[Date "2015.05.30"]
[Round "1"]
[White "elshaddai"]
[Black "FZI88"]
[Result "0-1"]
[ICCResult "White resigns"]
[WhiteElo "1586"]
[BlackElo "2222"]
[Opening "English opening"]
[ECO "A20"]
[NIC "EO.25"]
[Time "19:02:53"]
[TimeControl "180+0"]

1. c4 e5 2. e4 Nc6 3. d3 Bc5 4. Nf3 d6 5. Bg5 Nge7 6. Nc3 f6 7. Be3 Bg4 8.
Be2 Bxf3 9. gxf3 Ng6 10. Qd2 Nd4 11. O-O-O a6 12. h4 b5 13. h5 Nf4 14. Bxf4
exf4 15. cxb5 axb5 16. h6 g6 17. Nd5 Rxa2 18. Qxf4 Nxe2+ 19. Kb1 Nxf4 20.
Kxa2 Nxd5 21. exd5 O-O {White resigns} 0-1

[Event "ICC Open 2015"]
[Site "Internet Chess Club"]
[Date "2015.05.30"]
[Round "1"]
[White "chesstempo2"]
[Black "jojowang"]
[Result "1-0"]
[ICCResult "Black resigns"]
[WhiteElo "2020"]
[BlackElo "1334"]
[Opening "King's Indian: East Indian defense"]
[ECO "A48"]
[NIC "QP.06"]
[Time "19:02:59"]
[TimeControl "180+0"]

1. d4 Nf6 2. Nf3 g6 3. e3 Bg7 4. Bd3 d6 5. a3 O-O 6. b3 a6 7. Bb2 Nc6 8. O-O
Bd7 9. c4 b6 10. Nc3 Re8 11. d5 Ne5 12. Nxe5 dxe5 13. Qc2 c6 14. dxc6 Bxc6
15. Ne4 Nxe4 16. Bxe4 Bxe4 17. Qxe4 f5 18. Qc2 e6 19. Rfd1 Qe7 20. Rd2 Red8
21. Rad1 a5 22. h3 Qc7 23. Qc3 Rxd2 24. Rxd2 Rd8 25. Qc2 Kh8 26. Bc3 h6 27.
Qb2 Kh7 28. Rxd8 Qxd8 29. Bxe5 Qd1+ 30. Kh2 {Black resigns} 1-0

[Event "ICC Open 2015"]
[Site "Internet Chess Club"]
[Date "2015.05.30"]
[Round "1"]
[White "ibarra"]
[Black "smoothg"]
[Result "1-0"]
[ICCResult "Black resigns"]
[WhiteElo "2728"]
[BlackElo "1888"]
[Opening "Sicilian: accelerated fianchetto, modern variation with Bc4"]
[ECO "B35"]
[NIC "KF.05"]
[Time "19:02:52"]
[TimeControl "180+0"]

1. e4 g6 2. d4 Bg7 3. Nf3 c5 4. Nc3 cxd4 5. Nxd4 Nc6 6. Be3 Nf6 7. Bc4 Qa5
8. O-O O-O 9. Bb3 d6 10. Nd5 Re8 11. Nxf6+ Bxf6 12. c3 a6 13. f4 Qb6 14. Qd2
Qc7 15. Rae1 Na5 16. e5 dxe5 17. fxe5 Bxe5 18. Bxf7+ Kf8 19. Bh6+ Bg7 20.
Be6+ {Black resigns} 1-0

[Event "ICC Open 2015"]
[Site "Internet Chess Club"]
[Date "2015.05.30"]
[Round "1"]
[White "LMLLM"]
[Black "Svinotigr"]
[Result "1-0"]
[ICCResult "Black resigns"]
[WhiteElo "2398"]
[BlackElo "1715"]
[Opening "Benko's opening"]
[ECO "A00"]
[NIC "VO.09"]
[Time "19:03:46"]
[TimeControl "180+0"]

1. g3 d6 2. Bg2 Nd7 3. Nf3 e5 4. O-O g6 5. d4 Bg7 6. dxe5 dxe5 7. Nbd2 Qe7
8. Nc4 Ngf6 9. Bg5 O-O 10. Ne3 c6 11. Nc4 h5 12. Qd6 Re8 13. Qxe7 Rxe7 14.
Rad1 a5 15. Rd2 b5 16. Nd6 e4 17. Nd4 Ra6 18. Nxc8 {Black resigns} 1-0

[Event "ICC Open 2015"]
[Site "Internet Chess Club"]
[Date "2015.05.30"]
[Round "1"]
[White "ayyadov"]
[Black "faust"]
[Result "0-1"]
[ICCResult "White resigns"]
[WhiteElo "2407"]
[BlackElo "3210"]
[Opening "Queen's pawn"]
[ECO "A40"]
[NIC "QO.17"]
[Time "19:03:32"]
[TimeControl "180+0"]

1. d4 e6 2. Nf3 Nf6 3. g3 c5 4. Bg2 Nc6 5. O-O d5 6. c4 Be7 7. cxd5 exd5 8.
Nc3 c4 9. b3 O-O 10. bxc4 dxc4 11. e4 Bb4 12. Bb2 Bxc3 13. Bxc3 Nxe4 14. Qc2
Nxc3 15. Qxc3 Be6 16. Rab1 Rb8 17. Ne5 Qxd4 18. Qxd4 Nxd4 19. Rxb7 Rxb7 20.
Bxb7 c3 21. Nf3 Ne2+ 22. Kg2 c2 {White resigns} 0-1

[Event "ICC Open 2015"]
[Site "Internet Chess Club"]
[Date "2015.05.30"]
[Round "1"]
[White "ShadowLike"]
[Black "VoltesV"]
[Result "1-0"]
[ICCResult "Black resigns"]
[WhiteElo "2186"]
[BlackElo "1570"]
[Opening "Sicilian: Smith-Morra gambit"]
[ECO "B21"]
[NIC "SI.48"]
[Time "19:03:52"]
[TimeControl "180+0"]

1. e4 c5 2. d4 cxd4 3. c3 g6 4. Bc4 Bg7 5. Nf3 e6 6. Bg5 Qa5 7. O-O dxc3 8.
Nxc3 a6 9. Rc1 h6 10. Bh4 b5 11. Bb3 Qb6 12. Nd5 exd5 13. Rxc8+ {Black
resigns} 1-0

[Event "ICC Open 2015"]
[Site "Internet Chess Club"]
[Date "2015.05.30"]
[Round "1"]
[White "Asmodeus"]
[Black "penguingm1"]
[Result "0-1"]
[ICCResult "White checkmated"]
[WhiteElo "1907"]
[BlackElo "2829"]
[Opening "Ruy Lopez: exchange variation, 5.O-O"]
[ECO "C68"]
[NIC "RL.08"]
[Time "19:03:36"]
[TimeControl "180+0"]

1. e4 e5 2. Nf3 Nc6 3. Bb5 a6 4. Bxc6 dxc6 5. O-O Bd6 6. d4 exd4 7. Qxd4 f6
8. Be3 Ne7 9. Nc3 Ng6 10. Rad1 Qe7 11. Rfe1 Bg4 12. h3 Bxf3 13. gxf3 Nh4 14.
a3 Nxf3+ 15. Kf1 Nxd4 16. b4 Nf3 17. a4 Qe6 18. b5 Qxh3+ 19. Ke2 Qg4 20.
bxc6 Ne5+ 21. Kf1 bxc6 22. Rb1 Qh3+ 23. Ke2 Qf3+ 24. Kf1 Ng4 25. Rb7 Nh2+
26. Kg1 Qg4+ 27. Kh1 Nf3 28. Rxc7 Qh3# {White checkmated} 0-1

[Event "ICC Open 2015"]
[Site "Internet Chess Club"]
[Date "2015.05.30"]
[Round "1"]
[White "Glamurius"]
[Black "Champion"]
[Result "1-0"]
[ICCResult "Black resigns"]
[WhiteElo "3001"]
[BlackElo "1954"]
[Opening "Sicilian: Scheveningen, Keres attack"]
[ECO "B81"]
[NIC "SI.20"]
[Time "19:02:47"]
[TimeControl "180+0"]

1. e4 c5 2. Nf3 d6 3. d4 cxd4 4. Nxd4 Nf6 5. Nc3 e6 6. g4 Be7 7. g5 Nfd7 8.
h4 O-O 9. Be3 a6 10. Qd2 Qc7 11. h5 Ne5 12. f4 Nc4 13. Bxc4 Qxc4 14. O-O-O
b5 15. f5 b4 16. Nce2 Qxa2 17. Qxb4 Re8 18. Nc3 a5 19. Qb5 Ba6 20. Nxa2 Bxb5
21. Nxb5 Rd8 22. fxe6 fxe6 23. Nc7 {Black resigns} 1-0

[Event "ICC Open 2015"]
[Site "Internet Chess Club"]
[Date "2015.05.30"]
[Round "1"]
[White "gmgattass"]
[Black "jps7"]
[Result "1-0"]
[ICCResult "Black checkmated"]
[WhiteElo "2276"]
[BlackElo "1596"]
[Opening "French: Tarrasch"]
[ECO "C03"]
[NIC "FR.07"]
[Time "19:03:09"]
[TimeControl "180+0"]

1. e4 e6 2. d4 d5 3. Nd2 dxe4 4. Nxe4 Nf6 5. Nxf6+ Qxf6 6. Nf3 h6 7. Be2 Bd6
8. Be3 O-O 9. g4 Nd7 10. h4 Bf4 11. g5 Qf5 12. Bd3 Qg4 13. Rg1 Qh5 14. Bxf4
hxg5 15. Rxg5 Qh8 16. c3 Nf6 17. Be5 g6 18. Bxg6 fxg6 19. Rxg6+ Kf7 20.
Rxf6+ Qxf6 21. Bxf6 Kxf6 22. Ne5 Rg8 23. Qh5 Rg1+ 24. Ke2 Rxa1 25. Qf7#
{Black checkmated}
1-0

[Event "ICC Open 2015"]
[Site "Internet Chess Club"]
[Date "2015.05.30"]
[Round "1"]
[White "ural"]
[Black "ghorok"]
[Result "1-0"]
[ICCResult "Black resigns"]
[WhiteElo "2351"]
[BlackElo "1689"]
[Opening "French: Chigorin variation"]
[ECO "C00"]
[NIC "FR.01"]
[Time "19:02:53"]
[TimeControl "180+0"]

1. e4 e6 2. Qe2 e5 3. f4 exf4 4. d4 b6 5. Bxf4 Bb7 6. Nc3 Bb4 7. O-O-O d6 8.
Nd5 Bxd5 9. exd5+ Qe7 10. Qb5+ Nd7 11. Qxb4 O-O-O 12. Ba6+ Kb8 13. Nf3 Ngf6
14. Rhe1 Qf8 15. Qc4 {Black resigns} 1-0

[Event "ICC Open 2015"]
[Site "Internet Chess Club"]
[Date "2015.05.30"]
[Round "1"]
[White "nevidimka"]
[Black "Danya"]
[Result "0-1"]
[ICCResult "White resigns"]
[WhiteElo "1991"]
[BlackElo "3051"]
[Opening "Trompowsky attack (Ruth, Opocenský opening)"]
[ECO "A45"]
[NIC "QP.07"]
[Time "19:03:08"]
[TimeControl "180+0"]

1. d4 Nf6 2. Bg5 Ne4 3. h4 c5 4. dxc5 Nxg5 5. hxg5 Qa5+ 6. Nd2 Qxc5 7. Ngf3
Nc6 8. e3 g6 9. c3 Bg7 10. a4 d5 11. e4 Bg4 12. Nb3 Qd6 13. Qxd5 Qf4 14. Bb5
O-O 15. Bxc6 bxc6 16. Qd3 Rab8 17. Ra3 Rfd8 18. Qe2 Rxb3 19. Ra1 Rxc3 20.
bxc3 Bxc3+ 21. Kf1 Bxa1 22. Rh4 Qc1+ 23. Qe1 Rd1 24. Rxg4 Bc3 {White
resigns} 0-1

[Event "ICC Open 2015"]
[Site "Internet Chess Club"]
[Date "2015.05.30"]
[Round "1"]
[White "Caminator"]
[Black "lemanofzorn"]
[Result "1-0"]
[ICCResult "Black checkmated"]
[WhiteElo "2125"]
[BlackElo "1439"]
[Opening "English: symmetrical variation"]
[ECO "A30"]
[NIC "EO.64"]
[Time "19:02:41"]
[TimeControl "180+0"]

1. c4 c5 2. g3 Nf6 3. Bg2 Nc6 4. Nc3 d6 5. Nf3 g6 6. O-O Bg7 7. d4 cxd4 8.
Nxd4 Nxd4 9. Qxd4 O-O 10. Qd3 Qc7 11. Bg5 Bf5 12. e4 Be6 13. b3 Nh5 14. Rac1
Qa5 15. Bxe7 Rfe8 16. Bxd6 Red8 17. Rfd1 Bxc3 18. Qxc3 Qb6 19. c5 Qc6 20. e5
Qd7 21. c6 Qxc6 22. Bxc6 bxc6 23. Qxc6 Rac8 24. Qb7 Rxc1 25. Rxc1 Bh3 26.
Qe7 Rb8 27. Bxb8 Kg7 28. Bd6 Kh6 29. f4 a5 30. Qg5+ Kg7 31. g4 Nxf4 32. Qxf4
h5 33. Qf6+ Kh6 34. Bf8+ Kh7 35. Qg7# {Black checkmated} 1-0

[Event "ICC Open 2015"]
[Site "Internet Chess Club"]
[Date "2015.05.30"]
[Round "1"]
[White "Philidor"]
[Black "TravisMcGee"]
[Result "1-0"]
[ICCResult "Black resigns"]
[WhiteElo "2204"]
[BlackElo "1595"]
[Opening "French: classical, Steinitz variation"]
[ECO "C14"]
[NIC "FR.06"]
[Time "19:03:04"]
[TimeControl "180+0"]

1. e4 e6 2. d4 d5 3. Nc3 Nf6 4. Bg5 Be7 5. e5 Nfd7 6. Bxe7 Qxe7 7. f4 c5 8.
Nf3 a6 9. Qd2 Nc6 10. O-O-O cxd4 11. Nxd4 Nxd4 12. Qxd4 Qc5 13. h4 Qxd4 14.
Rxd4 Ke7 15. h5 Nb6 16. g4 Bd7 17. g5 Rac8 18. Be2 Nc4 19. Bxc4 Rxc4 20.
Rxc4 dxc4 21. h6 g6 22. Rd1 Rd8 23. Ne4 Bc6 24. Rxd8 Kxd8 25. Nf6 Ke7 26.
Nxh7 Be4 27. Nf6 b5 28. h7 {Black resigns} 1-0

[Event "ICC Open 2015"]
[Site "Internet Chess Club"]
[Date "2015.05.30"]
[Round "1"]
[White "Acerook"]
[Black "LittlePeasant"]
[Result "0-1"]
[ICCResult "White resigns"]
[WhiteElo "1888"]
[BlackElo "2765"]
[Opening "English: symmetrical variation"]
[ECO "A37"]
[NIC "EO.28"]
[Time "19:03:36"]
[TimeControl "180+0"]

1. c4 c5 2. g3 Nc6 3. Nc3 g6 4. Bg2 Bg7 5. Nf3 d6 6. O-O e5 7. a3 Nge7 8. d3
Be6 9. Rb1 a5 10. Bd2 O-O 11. Re1 d5 12. cxd5 Nxd5 13. Nxd5 Bxd5 14. b4 cxb4
15. axb4 a4 16. Bc3 Re8 17. Qd2 b5 18. Rec1 h6 19. h3 Qd6 20. Ba1 Rac8 21.
Rc2 Bb3 22. Rc5 Nd4 23. Bxd4 exd4 24. Rxb5 Rc2 25. Qf4 Qxf4 26. gxf4 Rexe2
27. Rb8+ Kh7 28. Rb7 Rxf2 29. Bh1 Rfe2 30. h4 a3 31. h5 a2 32. Ra1 Rb2 33.
hxg6+ fxg6 34. Rxa2 Rb1+ {White resigns} 0-1

[Event "ICC Open 2015"]
[Site "Internet Chess Club"]
[Date "2015.05.30"]
[Round "1"]
[White "DropZone"]
[Black "cap78red"]
[Result "0-1"]
[ICCResult "White resigns"]
[WhiteElo "2076"]
[BlackElo "1454"]
[Opening "Alekhine's defense: Scandinavian variation"]
[ECO "B02"]
[NIC "AL.10"]
[Time "19:03:23"]
[TimeControl "180+0"]

1. e4 Nf6 2. Nc3 d5 3. exd5 Nxd5 4. Bc4 Nxc3 5. Qf3 e6 6. dxc3 Qf6 7. Qxf6
gxf6 8. Nf3 c5 9. Bf4 Nc6 10. O-O-O Bd7 11. Rhe1 O-O-O 12. Kb1 h5 13. g3 e5
14. Bc1 Bh6 15. Bxf7 Bxc1 16. Rxc1 Bg4 17. Nh4 Rh7 18. Bg6 Rhd7 19. f3 Be6
20. Bxh5 Ne7 21. f4 Nf5 22. Bg4 Ng7 23. Bxe6 Nxe6 24. fxe5 fxe5 25. Rxe5 Ng7
26. Rce1 Rd1+ {White resigns} 0-1

[Event "ICC Open 2015"]
[Site "Internet Chess Club"]
[Date "2015.05.30"]
[Round "1"]
[White "bennywins"]
[Black "ncc-1701"]
[Result "0-1"]
[ICCResult "White resigns"]
[WhiteElo "1153"]
[BlackElo "2010"]
[Opening "Sicilian: dragon variation"]
[ECO "B70"]
[NIC "SI.15"]
[Time "19:04:42"]
[TimeControl "180+0"]

1. e4 c5 2. Nf3 d6 3. d4 cxd4 4. Nxd4 Nf6 5. Nc3 g6 6. Bd3 Bg7 7. f3 Nc6 8.
Be3 O-O 9. O-O Qb6 10. Nxc6 Qxe3+ 11. Kh1 bxc6 12. Qe2 Qxe2 13. Bxe2 Rb8 14.
b3 Nh5 15. Rad1 Bxc3 16. Rd3 Nf4 17. Rxc3 Nxe2 18. Re3 Ba6 19. c4 Nf4 20. g3
Ne6 21. Rc3 Nd4 22. Rd1 c5 23. a4 f5 24. Rb1 Bb7 25. Re3 Nxf3 26. exf5
{White resigns}
0-1

[Event "ICC Open 2015"]
[Site "Internet Chess Club"]
[Date "2015.05.30"]
[Round "1"]
[White "Sebs"]
[Black "RaiseTheCurve"]
[Result "1-0"]
[ICCResult "Black resigns"]
[WhiteElo "2965"]
[BlackElo "1935"]
[Opening "Budapest: Rubinstein variation"]
[ECO "A52"]
[NIC "QG.01"]
[Time "19:03:08"]
[TimeControl "180+0"]

1. d4 Nf6 2. c4 e5 3. dxe5 Ng4 4. Bf4 Bb4+ 5. Nd2 Nc6 6. Nf3 Qe7 7. a3 Ngxe5
8. Nxe5 Nxe5 9. e3 Bxd2+ 10. Qxd2 d6 11. Be2 Ng6 12. Bg3 O-O 13. O-O Bd7 14.
b4 a5 15. c5 dxc5 16. Bxc7 cxb4 17. Bd6 Qd8 18. Bxf8 Nxf8 19. axb4 axb4 20.
Rxa8 Qxa8 21. Qxb4 Bc6 22. h3 Qe8 23. Rb1 g6 24. Bb5 Qe4 25. Bxc6 Qxb4 26.
Rxb4 bxc6 27. Rc4 c5 28. Rxc5 Ne6 29. Rc4 Kg7 30. f4 f5 31. Kf2 Kh6 32. g4
Ng7 33. Kg3 Ne6 34. Kh4 fxg4 35. hxg4 Kg7 36. Rc6 Kh6 37. Rxe6 Kg7 38. g5
{Black resigns}
1-0

[Event "ICC Open 2015"]
[Site "Internet Chess Club"]
[Date "2015.05.30"]
[Round "1"]
[White "BlueGreen"]
[Black "grancaruso"]
[Result "1-0"]
[ICCResult "Black resigns"]
[WhiteElo "2580"]
[BlackElo "1823"]
[Opening "Caro-Kann: exchange variation"]
[ECO "B13"]
[NIC "CK.02"]
[Time "19:02:55"]
[TimeControl "180+0"]

1. e4 c6 2. d4 d5 3. exd5 cxd5 4. Nc3 Nf6 5. Nf3 Bg4 6. h3 Bxf3 7. Qxf3 e6
8. Bd3 Nc6 9. Ne2 Be7 10. c3 Rc8 11. O-O O-O 12. Ng3 a6 13. Nh5 Re8 14. Re1
Nxh5 15. Qxh5 g6 16. Qf3 Bf8 17. Bf4 Bg7 18. Re2 Qf6 19. Rae1 b5 20. Qg3 Qd8
21. h4 h5 22. a4 bxa4 23. Bxa6 Rb8 24. Bxb8 Qxb8 25. Qxb8 Rxb8 26. Ra1 Bf6
27. Rxa4 Bxh4 28. b4 Rb6 29. Bd3 Ne7 30. Rea2 Nf5 31. Ra6 Rb7 32. Ra7 Rb6
33. R2a6 Rxa6 34. Bxa6 Nd6 35. b5 Nc4 36. Rb7 Kg7 37. b6 Bd8 38. Bxc4 dxc4
39. Rb8 {Black resigns} 1-0

[Event "ICC Open 2015"]
[Site "Internet Chess Club"]
[Date "2015.05.30"]
[Round "1"]
[White "EGK"]
[Black "MadMad"]
[Result "0-1"]
[ICCResult "White resigns"]
[WhiteElo "2099"]
[BlackElo "1494"]
[Opening "King's Indian: Torre attack"]
[ECO "A48"]
[NIC "QP.01"]
[Time "19:02:43"]
[TimeControl "180+0"]

1. d4 Nf6 2. Nf3 g6 3. Bg5 Bg7 4. Nbd2 O-O 5. e3 d6 6. Bd3 c5 7. O-O cxd4 8.
exd4 Nc6 9. c3 Bg4 10. h3 Bxf3 11. Nxf3 h6 12. Bh4 Nh5 13. Qd2 g5 14. Bg3
Nxg3 15. fxg3 f5 16. Rae1 e5 17. dxe5 dxe5 18. Bc4+ Kh8 19. Qc2 e4 20. Nh2
Ne5 21. Bb3 Nd3 22. Rd1 Qc7 23. g4 Be5 24. Nf3 exf3 25. Qxd3 Qc5+ 26. Kh1
fxg2+ 27. Kxg2 f4 28. Qg6 Qc6+ 29. Bd5 Qxg6 {White resigns} 0-1

[Event "ICC Open 2015"]
[Site "Internet Chess Club"]
[Date "2015.05.30"]
[Round "1"]
[White "JCarllsen"]
[Black "Pikaso"]
[Result "0-1"]
[ICCResult "White resigns"]
[WhiteElo "1914"]
[BlackElo "2844"]
[Opening "Caro-Kann: two knights, 3...Bg4"]
[ECO "B10"]
[NIC "CK.01"]
[Time "19:02:42"]
[TimeControl "180+0"]

1. e4 c6 2. Nf3 d5 3. Nc3 Bg4 4. h3 Bxf3 5. Qxf3 e6 6. d4 dxe4 7. Qxe4 Nf6
8. Qd3 Nbd7 9. Be2 g6 10. O-O Bg7 11. Bf4 O-O 12. Qd2 Re8 13. Bh6 Bxh6 14.
Qxh6 Qb6 15. Qd2 e5 16. dxe5 Nxe5 17. Na4 Qc7 18. b3 Rad8 19. Qc3 b5 20. Nb2
Ne4 21. Qe3 Nd2 22. Qg3 Nxf1 23. Rxf1 Rd2 24. Bd3 Re7 25. Qe3 Nxd3 26. Qxd2
Nxb2 27. c3 Qe5 28. Qxb2 b4 29. Rc1 Rd7 30. Qc2 bxc3 31. Qxc3 Rd1+ 32. Rxd1
Qxc3 {White resigns} 0-1

[Event "ICC Open 2015"]
[Site "Internet Chess Club"]
[Date "2015.05.30"]
[Round "1"]
[White "supermouse"]
[Black "dogbolter"]
[Result "1-0"]
[ICCResult "Black resigns"]
[WhiteElo "2663"]
[BlackElo "1864"]
[Opening "Réti opening"]
[ECO "A05"]
[NIC "QP.11"]
[Time "19:02:43"]
[TimeControl "180+0"]

1. Nf3 Nf6 2. g3 d5 3. Bg2 e6 4. O-O Be7 5. d3 c5 6. Nbd2 Nc6 7. c4 d4 8. a3
a5 9. b3 O-O 10. Bb2 e5 11. Qc2 Re8 12. Rae1 h6 13. e3 Bf5 14. e4 Bg4 15.
Nh4 g6 16. h3 Bd7 17. Nhf3 Kg7 18. Kh2 Nh7 19. Ng1 f5 20. f4 exf4 21. gxf4
Qc7 22. e5 Nf8 23. Bd5 Be6 24. Ngf3 Rad8 25. Rg1 Bxd5 26. cxd5 Rxd5 27. Nc4
Ne6 28. Bc1 Rdd8 29. Qg2 Nf8 30. Qg3 b5 31. Ncd2 a4 32. bxa4 bxa4 33. Nc4
Na5 34. Nxa5 Qxa5 35. Bd2 Qa8 36. Nh4 Bxh4 37. Qxh4 Qd5 38. Rg2 Rb8 39. Reg1
Re6 40. Ba5 Rb3 41. Bc7 Rxd3 42. Bd6 Rxd6 43. Qe7+ Qf7 44. exd6 Re3 45. Qc7
c4 46. d7 Qxd7 47. Rxg6+ Kf7 48. Rg7+ {Black resigns} 1-0

[Event "ICC Open 2015"]
[Site "Internet Chess Club"]
[Date "2015.05.30"]
[Round "1"]
[White "Borknagar"]
[Black "kava"]
[Result "0-1"]
[ICCResult "White forfeits on time"]
[WhiteElo "1930"]
[BlackElo "2909"]
[Opening "Queen's pawn game"]
[ECO "A46"]
[NIC "QP.06"]
[Time "19:03:07"]
[TimeControl "180+0"]

1. d4 Nf6 2. Nf3 e6 3. g3 b6 4. Bg2 d5 5. O-O c6 6. Bg5 Be7 7. Nbd2 Nbd7 8.
c4 Bb7 9. e3 O-O 10. b3 Rc8 11. Rc1 h6 12. Bxf6 Nxf6 13. Ne5 c5 14. dxc5
Bxc5 15. Qe2 Qe7 16. Ndf3 Ba3 17. Rc2 dxc4 18. Nxc4 Ba6 19. Nfd2 Nd5 20. Qg4
Nb4 21. Nxa3 Nxc2 22. Nxc2 Bxf1 23. Nd4 Bxg2 24. Kxg2 Rfd8 25. Nc4 Rd5 26.
h4 h5 27. Qe4 Qf6 28. Nf3 Qf5 29. Qxf5 exf5 30. Nd4 g6 {White forfeits on
time} 0-1

[Event "ICC Open 2015"]
[Site "Internet Chess Club"]
[Date "2015.05.30"]
[Round "1"]
[White "Blondicheck"]
[Black "jjosu"]
[Result "0-1"]
[ICCResult "White checkmated"]
[WhiteElo "1570"]
[BlackElo "2198"]
[Opening "Sicilian: Kan, 5.Nc3"]
[ECO "B43"]
[NIC "SI.41"]
[Time "19:02:48"]
[TimeControl "180+0"]

1. e4 c5 2. Nf3 e6 3. d4 cxd4 4. Nxd4 a6 5. Nc3 Qc7 6. Be3 Bb4 7. Qd3 Nf6 8.
f3 d5 9. a3 dxe4 10. fxe4 Bxc3+ 11. bxc3 Nxe4 12. Bd2 Nxd2 13. Qxd2 O-O 14.
Bd3 e5 15. Ne2 Nc6 16. O-O Be6 17. Ng3 Rad8 18. Qe2 Qb6+ 19. Kh1 Qa5 20. c4
Nd4 21. Qe4 f5 22. Qh4 e4 23. Nxe4 fxe4 24. Bxe4 Bf5 25. Rxf5 Nxf5 26. Qg4
Qe5 27. Rf1 Ng3+ 28. hxg3 Rxf1+ 29. Kh2 Qd6 30. Qh4 h6 31. Bd5+ Kh8 32. Qd4
Re8 33. Qd3 Ree1 34. Kh3 Rh1+ 35. Kg4 Qd7+ 36. Qf5 h5+ 37. Kg5 Qe7+ 38. Kg6
Re5 39. Qf7 Rg5# {White checkmated} 0-1

[Event "ICC Open 2015"]
[Site "Internet Chess Club"]
[Date "2015.05.30"]
[Round "1"]
[White "MichelRocard"]
[Black "Gambit101"]
[Result "0-1"]
[ICCResult "White resigns"]
[WhiteElo "1971"]
[BlackElo "3038"]
[Opening "Sicilian"]
[ECO "B50"]
[NIC "SI.01"]
[Time "19:03:25"]
[TimeControl "180+0"]

1. e4 c5 2. Nf3 d6 3. c3 Nf6 4. h3 Nc6 5. Bd3 d5 6. exd5 Qxd5 7. Bb5 a6 8.
Bxc6+ Qxc6 9. O-O e6 10. d4 Be7 11. Re1 O-O 12. Be3 Rd8 13. Qe2 b6 14. Ne5
Qc7 15. Bf4 Bd6 16. Na3 b5 17. dxc5 Qxc5 18. Nd3 Qf5 19. Bxd6 Rxd6 20. Ne5
Bb7 21. Nc2 Be4 22. Nxf7 Kxf7 23. Nd4 Qg5 24. f3 Bd5 25. Rad1 Rad8 26. a3 h5
27. Qf2 Kg8 28. f4 Qg6 29. Rd2 Ne4 30. Re3 Nxf2 {White resigns} 0-1

[Event "ICC Open 2015"]
[Site "Internet Chess Club"]
[Date "2015.05.30"]
[Round "1"]
[White "Mastercito"]
[Black "N-Chadaev"]
[Result "0-1"]
[ICCResult "White resigns"]
[WhiteElo "2007"]
[BlackElo "3306"]
[Opening "King's Indian: London system"]
[ECO "A48"]
[NIC "QP.03"]
[Time "19:05:43"]
[TimeControl "180+0"]

1. d4 Nf6 2. Nf3 g6 3. Bf4 Bg7 4. e3 O-O 5. Bd3 d6 6. h3 Nc6 7. O-O Re8 8.
Bg5 h6 9. Bxf6 Bxf6 10. c3 e5 11. dxe5 Nxe5 12. Nxe5 Bxe5 13. Nd2 Bg7 14.
Nf3 c6 15. c4 Bxb2 16. Rb1 Bg7 17. Qc2 Qc7 18. Rfd1 Be6 19. Nd4 Bd7 20. Qb3
b6 21. Qc2 Rad8 22. Be2 Bc8 23. Bf3 Bxd4 24. exd4 Bf5 {White resigns} 0-1

[Event "ICC Open 2015"]
[Site "Internet Chess Club"]
[Date "2015.05.30"]
[Round "1"]
[White "IssaNissa"]
[Black "QuintilianoR"]
[Result "0-1"]
[ICCResult "White checkmated"]
[WhiteElo "1814"]
[BlackElo "2542"]
[Opening "Levitsky attack (Queen's bishop attack)"]
[ECO "D00"]
[NIC "QP.08"]
[Time "19:03:10"]
[TimeControl "180+0"]

1. d4 d5 2. Bg5 c6 3. c3 Bf5 4. e3 Nd7 5. Bd3 Bxd3 6. Qxd3 Ngf6 7. Nd2 e5 8.
dxe5 Nxe5 9. Qf5 Ned7 10. O-O-O Be7 11. e4 O-O 12. e5 g6 13. Qh3 Nxe5 14.
Ngf3 Nd3+ 15. Kc2 Nxf2 16. Qh6 Nxh1 17. Rxh1 Ng4 18. Qh4 Ne3+ 19. Kd3 Nf5
20. Qf4 Bxg5 21. Nxg5 Qe7 22. h4 Rae8 23. Kc2 Qe2 24. Qc7 Ne3+ 25. Kb3 Qb5+
26. Ka3 Nc2# {White checkmated} 0-1

[Event "ICC Open 2015"]
[Site "Internet Chess Club"]
[Date "2015.05.30"]
[Round "1"]
[White "BlackHorse96"]
[Black "PADILLON2189"]
[Result "1-0"]
[ICCResult "Black resigns"]
[WhiteElo "3258"]
[BlackElo "2001"]
[Opening "Sicilian: dragon, Yugoslav attack, Rauser variation"]
[ECO "B76"]
[NIC "SI.17"]
[Time "19:03:24"]
[TimeControl "180+0"]

1. e4 c5 2. Nf3 d6 3. d4 cxd4 4. Nxd4 Nf6 5. Nc3 g6 6. Be3 Bg7 7. f3 Nc6 8.
Qd2 O-O 9. O-O-O Nxd4 10. Bxd4 Be6 11. Kb1 Qc7 12. g4 Rfc8 13. h4 Qa5 14. a3
h5 15. g5 Nd7 16. Bxg7 Kxg7 17. Bh3 Bxh3 18. Rxh3 Rab8 19. f4 b5 20. Qd4+
Kg8 21. Nd5 Qd8 22. f5 Rc4 23. Qxa7 Rxe4 24. f6 e6 25. Ne7+ Kf8 26. Rxd6
Re1+ 27. Ka2 {Black resigns} 1-0